[Event "Late-Titled-Tuesday-Blitz-March-05-2024"]
[Site "Chess.com"]
[Date "2024.03.05"]
[Round "1"]
[White "janhelmer03"]
[Black "GothamChess"]
[Result "0-1"]
[WhiteElo "2395"]
[BlackElo "2673"]
[TimeControl "180+1"]
[EndTime "14:07:00 PST"]
[Termination "GothamChess won by resignation"]

1. d4 f5 2. Bg5 Nf6 3. Bxf6 exf6 4. e3 d5 5. Bd3 Be6 6. h4 g6 7. Ne2 Bd6 8. Nd2 Nc6 9. c3 Qd7 10. b4 a6 11. a4 Kf7 12. Qc2 Kg7 13. h5 Rhe8 14.
hxg6 hxg6 15. g4 Ne7 16. O-O-O fxg4 17. Rdg1 Rh8 18. f3 Rxh1 19. Rxh1 g3 20. f4 Nf5 21.
Bxf5 Bxf5 22. Qd1 g2 23. Rg1 Qe6 24. Rxg2 Qxe3 25. Rg3 Qf2 26. Rf3 Qh2 27. Nf1 Qh1 28. Neg3 Qh3 29. Qe2 Bg4 30. Qh2 Qxh2 31. Nxh2 Bxf3 32.
Nxf3 Bxf4+ 0-1

[Event "Late-Titled-Tuesday-Blitz-March-05-2024"]
[Site "Chess.com"]
[Date "2024.03.05"]
[Round "1"]
[White "Adham_Fawzy"]
[Black "Slovineanu"]
[Result "1-0"]
[WhiteElo "2814"]
[BlackElo "2478"]
[TimeControl "180+1"]
[EndTime "14:07:01 PST"]
[Termination "Adham_Fawzy won by resignation"]

1. e4 e6 2. d4 d5 3. Nc3 Nf6 4. Bd3 dxe4 5. Nxe4 Nxe4 6. Bxe4 Nd7 7. c3 c5 8. Nf3 cxd4 9. Qxd4 Nc5 10. Qxd8+ Kxd8 11.
Bc2 Bd6 12. Be3 Ke7 13. O-O-O b6 14. Rhe1 Bb7 15. Nd4 Bxh2 16. g3 h5 17. b4 Nd7 18.
Bg5+ Nf6 19. Be4 Bxe4 20. Rxe4 Rac8 21. Kb2 Rhd8 22. Rh4 e5 23. Re1 Kf8 24. Nf3 e4 25.
Nd4 Ng4 26. Bxd8 Rxd8 27. Rxh5 Nxf2 28. Re2 Nd3+ 29. Kc2 Bg1 30. Rh8+ Ke7 31. Nc6+ 1-0

[Event "Late-Titled-Tuesday-Blitz-March-05-2024"]
[Site "Chess.com"]
[Date "2024.03.05"]
[Round "1"]
[White "Oleksandr_Bortnyk"]
[Black "Good_Knight_Kiss"]
[Result "1-0"]
[WhiteElo "3006"]
[BlackElo "2521"]
[TimeControl "180+1"]
[EndTime "14:07:02 PST"]
[Termination "Oleksandr_Bortnyk won on time"]

1. e4 c5 2. c3 d5 3. exd5 Qxd5 4. d4 Nc6 5. Be3 cxd4 6. cxd4 e6 7. Nc3 Bb4 8. Nf3 Nf6 9. Bd3 O-O 10. O-O Bxc3 11.
bxc3 b6 12. c4 Qh5 13. h3 Bb7 14. Rb1 Na5 15. Be2 Qg6 16. Rb5 h6 17. d5 exd5 18. Bd3 Ne4 19. cxd5 f5 20. Qa1 Rad8 21. Qd4 Nd6 22.
Rb4 Qf6 23. Rd1 Qxd4 24. Rxd4 Rfe8 25. Nh4 Bc8 26. Bf4 Nab7 27. Rc1 g5 28. Bxd6 Nxd6 29.
Nf3 Bb7 30. Rc7 Re1+ 31. Nxe1 1-0

[Event "Late-Titled-Tuesday-Blitz-March-05-2024"]
[Site "Chess.com"]
[Date "2024.03.05"]
[Round "1"]
[White "Echecmat"]
[Black "esteban062000"]
[Result "1/2-1/2"]
[WhiteElo "2546"]
[BlackElo "2162"]
[TimeControl "180+1"]
[EndTime "14:07:03 PST"]
[Termination "Game drawn by repetition"]

1. b3 d5 2. Bb2 Nc6 3. e3 Nf6 4. Nf3 Bg4 5. d4 e6 6. Nbd2 a6 7. a3 Bd6 8. Bd3 Qe7 9. h3 Bh5 10. c4 dxc4 11. bxc4 Qd7 12. Qc2 Bg6 13. Bxg6 hxg6 14.
O-O O-O 15. Ne5 Qe8 16. Ndf3 Be7 17. Rfd1 Nxe5 18. Nxe5 Nd7 19. Nxd7 Qxd7 20. d5 exd5 21. cxd5 Rfe8 22. e4 Bf6 23. Bxf6 gxf6 24. Rac1 Re7 25. f3 Rae8 26. Qb3 b6 27. Qc4 f5 28.
exf5 Qxf5 29. Qxa6 Qf4 30. Rc2 Re1+ 31. Rxe1 Rxe1+ 32. Kf2 Qe3+ 33. Kg3 Qg5+ 34. Kf2 Qe3+ 35. Kg3 Qg5+ 36. Kf2 Qe3+ 1/2-1/2

[Event "Late-Titled-Tuesday-Blitz-March-05-2024"]
[Site "Chess.com"]
[Date "2024.03.05"]
[Round "1"]
[White "VladimirKramnik"]
[Black "Irishchessman16"]
[Result "1-0"]
[WhiteElo "2971"]
[BlackElo "2518"]
[TimeControl "180+1"]
[EndTime "14:07:04 PST"]
[Termination "VladimirKramnik won on time"]

1. e4 c5 2. Nf3 e6 3. c3 d5 4. e5 d4 5. Bd3 Bd7 6. cxd4 Bc6 7. O-O cxd4 8. Na3 Bxa3 9. bxa3 Ne7 10. Re1 O-O 11.
Ng5 h6 12. Qh5 Nf5 13. Ne4 Nd7 14. Ng3 Nxg3 15. hxg3 Nc5 16. Bf1 Rc8 17. d3 Bb5 18. Qf3 Qd5 19. Qg4 Kh7 20. Qd1 Na4 21. g4 Rc3 22. g5 Nc5 23. gxh6 g6 24. Bb2 Rxd3 25. Bxd3 Nxd3 26. Qd2 Bc6 27. f3 Nxe5 28. Qxd4 Qxd4+ 29. Bxd4 Nd3 30. Re3 Nf4 31. Be5 Nh5 32.
g4 f6 33. Bh2 1-0

[Event "Late-Titled-Tuesday-Blitz-March-05-2024"]
[Site "Chess.com"]
[Date "2024.03.05"]
[Round "1"]
[White "Onthequiet"]
[Black "AlexPapasimakopoulos"]
[Result "0-1"]
[WhiteElo "2445"]
[BlackElo "2747"]
[TimeControl "180+1"]
[EndTime "14:07:04 PST"]
[Termination "AlexPapasimakopoulos won by resignation"]

1. d4 e6 2. Nf3 Nf6 3. c4 Bb4+ 4. Bd2 Qe7 5. a3 Bxd2+ 6. Nbxd2 d6 7. e3 e5 8. Qc2 O-O 9. Bd3 Re8 10. Bf5 exd4 11. Nxd4 Nc6 12. Nxc6 bxc6 13. Bxc8 Raxc8 14. O-O Rb8 15.
b4 a5 16. Qa4 axb4 17. axb4 Ne4 18. Nf3 c5 19. b5 g5 20. h3 h5 21. Qc2 g4 22. hxg4 hxg4 23. Nd2 Nxd2 24. Qxd2 Qe4 25.
Qe2 Re6 26. Ra7 Rc8 27. Rd1 Re5 28. Qd3 g3 29. fxg3 Qxe3+ 30. Qxe3 Rxe3 31. b6 cxb6 32. Rxd6 Re6 33. Rdd7 Rf6 34. Rab7 Re8 35. Rd2 Re4 36.
Rd8+ Kg7 37. g4 Rxg4 38. Rdb8 Rfg6 39. Rxb6 Rxg2+ 40. Kf1 Rxb6 41. Rxb6 Rc2 0-1

[Event "Late-Titled-Tuesday-Blitz-March-05-2024"]
[Site "Chess.com"]
[Date "2024.03.05"]
[Round "1"]
[White "PepeCuenca"]
[Black "Grindaveci"]
[Result "0-1"]
[WhiteElo "2710"]
[BlackElo "2444"]
[TimeControl "180+1"]
[EndTime "14:07:04 PST"]
[Termination "Grindaveci won on time"]

1. d4 d5 2. Bf4 c5 3. e3 Nc6 4.
Nf3 Nf6 5. Nbd2 Qb6 6. dxc5 Qxb2 7. Rb1 Qc3 8. Bb5 g6 9. O-O Bg7 10. Nb3 a6 11. Be5 Qb4 12. Bxc6+ bxc6 13. Nfd4 Bd7 14. Qd2 Qc4 15. Qd3 Qa4 16. Qc3 Ne4 17. Bxg7 Nxc3 18.
Bxh8 Nxb1 19. Rxb1 f6 20. Bg7 Kf7 21. Bh6 e5 22. Nf3 Qxa2 23. Nbd2 Qxc2 24. h4 e4 25. Rb7 Ke8 26. Bg7 exf3 27. Nxf3 Bg4 28. Nd4 Qc1+ 29. Kh2 Qxc5 30. f3 Bd7 31. Kg1 Qd6 32. Bh6 c5 33. Bf4 Qe7 34. Nb3 Rc8 35. Kh2 c4 36. Nd4 c3 37.
Nc2 Qe6 38. Rb1 Qf5 39. Rc1 Qd3 40. Nd4 c2 41. Kg3 Qd2 42. Nb3 Qc3 43. Nd4 Qb2 44.
Ne2 Bb5 0-1

[Event "Late-Titled-Tuesday-Blitz-March-05-2024"]
[Site "Chess.com"]
[Date "2024.03.05"]
[Round "1"]
[White "GoltsevDmitry2000"]
[Black "PenguinPacks"]
[Result "1-0"]
[WhiteElo "2698"]
[BlackElo "2407"]
[TimeControl "180+1"]
[EndTime "14:07:04 PST"]
[Termination "GoltsevDmitry2000 won by resignation"]

1. e4 e6 2. d4 d5 3. exd5 exd5 4. Nf3 Nf6 5. c4 Bg4 6. Nc3 Nc6 7. Be2 dxc4 8.
Bxc4 Bxf3 9. Qxf3 Nxd4 10. Qxb7 Rb8 11. Qxa7 Nc2+ 12. Ke2 Nxa1 13. Bb5+ Rxb5 14. Nxb5 Nd5 15. Rd1 c6 16. Rxd5 Qe7+ 17. Qxe7+ Kxe7 18. Re5+ Kf6 19.
Re8 cxb5 20. Rc8 g6 21. Bd2 Kg7 22. Bc3+ f6 23. Rc7+ Kh6 24. Bxf6 Rg8 25. Rc1 Bb4 26. Rxa1 Re8+ 27. Kd3 Re6 28. Bc3 Bc5 29. f3 b4 30.
Bd2+ Kg7 31. Re1 Rd6+ 32. Kc2 Rc6 33. Kb3 Bd6 34. Bxb4 Rb6 35. Re4 Bxb4 36. Rxb4 Rd6 37. a4 1-0

[Event "Late-Titled-Tuesday-Blitz-March-05-2024"]
[Site "Chess.com"]
[Date "2024.03.05"]
[Round "1"]
[White "Igor_Lysyj"]
[Black "MusicCityMaster"]
[Result "1-0"]
[WhiteElo "2823"]
[BlackElo "2488"]
[TimeControl "180+1"]
[EndTime "14:07:06 PST"]
[Termination "Igor_Lysyj won by resignation"]

1. d4 Nf6 2. c4 c5 3. d5 b5 4.
cxb5 a6 5. bxa6 g6 6. Nc3 Bg7 7. e4 O-O 8. a7 Rxa7 9. Nf3 e6 10. Be2 exd5 11. exd5 d6 12. O-O Na6 13. Re1 Nc7 14. Bg5 h6 15. Bxf6 Bxf6 16. Qd2 Bg7 17.
h3 Rb7 18. Bc4 Rb4 19. b3 Ba6 20. Bxa6 Nxa6 21. Rac1 Nc7 22. Ne4 f5 23. Ng3 Qa8 24.
Rcd1 Nb5 25. Ne2 Nd4 26. Nfxd4 Rxd4 27. Nxd4 cxd4 28. Re6 Qxd5 29. Rxg6 Kh7 30. Rxg7+ Kxg7 31. Qxd4+ Qxd4 32. Rxd4 Ra8 33. a4 Ra6 34. Rd5 Kf6 35.
a5 Ke6 36. Rb5 Rc6 37. Kh2 Rc1 38. a6 Ra1 39. Rb6 Kd5 40. b4 f4 41. b5 Kc5 42. Rb7 d5 43. a7 d4 44. b6 d3 45.
Rb8 d2 46. a8=Q Rxa8 47. Rxa8 d1=Q 48. b7 Qe2 49. b8=Q Qxf2 50. Qa7+ 1-0

[Event "Late-Titled-Tuesday-Blitz-March-05-2024"]
[Site "Chess.com"]
[Date "2024.03.05"]
[Round "1"]
[White "s-dshubin"]
[Black "jinbojinbo"]
[Result "0-1"]
[WhiteElo "2328"]
[BlackElo "2634"]
[TimeControl "180+1"]
[EndTime "14:07:07 PST"]
[Termination "jinbojinbo won on time"]

1. e4 e5 2. Nf3 Nc6 3. Bc4 Bc5 4. c3 Nf6 5. d4 exd4 6. cxd4 Bb4+ 7. Bd2 Nxe4 8.
Bxb4 Nxb4 9. Bxf7+ Kxf7 10. Qb3+ d5 11. Ne5+ Ke8 12. Qxb4 Qd6 13. Qxd6 Nxd6 14. Nf3 c6 15. O-O Kd8 16. Nc3 Bf5 17. Rfe1 Re8 18. Rxe8+ Kxe8 19. Re1+ Kf8 20. Ne5 Re8 21. Re3 Bc8 22. b3 Nf5 23.
Rd3 Nxd4 24. f4 Ne6 25. g3 Nc5 26. Rd4 a5 27. Na4 Ne4 28. Nb6 Be6 29. Ra4 Rd8 30. Rxa5 d4 31. Kf1 d3 32. Ra8 Rxa8 33. Nxa8 Ke7 34.
Nxd3 Nc3 35. Nc7 Bh3+ 36. Kf2 Nxa2 0-1

[Event "Late-Titled-Tuesday-Blitz-March-05-2024"]
[Site "Chess.com"]
[Date "2024.03.05"]
[Round "1"]
[White "krucki03"]
[Black "vugarrasulov"]
[Result "0-1"]
[WhiteElo "2516"]
[BlackElo "2954"]
[TimeControl "180+1"]
[EndTime "14:07:08 PST"]
[Termination "vugarrasulov won by resignation"]

1. e4 e5 2. Nf3 Nc6 3. Nc3 Nf6 4. a3 g6 5. Bc4 Bg7 6. O-O O-O 7. d3 h6 8. Nd5 d6 9. b4 Kh7 10. c3 Nxd5 11. Bxd5 Ne7 12. Ba2 f5 13. exf5 Bxf5 14. Nh4 a5 15. Be3 c6 16. d4 e4 17. Bb3 d5 18. c4 Be6 19. g3 dxc4 20. Bc2 Bd5 21. f3 exf3 22. Nxf3 Nf5 23. Bf4 axb4 24. Bxf5 Rxf5 25.
Nh4 Rf7 26. axb4 Rxa1 27. Qxa1 g5 28. Qb1+ Kg8 29. Qg6 gxf4 30. Nf5 Qg5 31. Qd6 Qxf5 32. Rxf4 Qb1+ 33. Kf2 Bxd4+ 34. Ke2 Qd3+ 35. Ke1 Bc3+ 36. Kf2 Rxf4+ 37. Qxf4 Qd4+ 38. Qxd4 Bxd4+ 0-1

[Event "Late-Titled-Tuesday-Blitz-March-05-2024"]
[Site "Chess.com"]
[Date "2024.03.05"]
[Round "1"]
[White "MattyDPerrine"]
[Black "Viktor_Poddubnyi"]
[Result "1-0"]
[WhiteElo "2600"]
[BlackElo "2285"]
[TimeControl "180+1"]
[EndTime "14:07:08 PST"]
[Termination "MattyDPerrine won on time"]

1. Nf3 g6 2. e4 Bg7 3. d4 d6 4. c3 Nf6 5. Bd3 Nc6 6. O-O e5 7. Re1 O-O 8. h3 h6 9. Nbd2 Re8 10. Nf1 exd4 11. cxd4 d5 12. e5 Ne4 13. Ng3 Nxg3 14.
fxg3 Be6 15. Be3 Ne7 16. Qd2 Kh7 17. g4 c6 18. Qf2 Ng8 19. Qg3 Qe7 20. Rf1 b6 21. Rf2 c5 22. Raf1 c4 23. Bb1 Rac8 24. Bd2 b5 25. a3 f6 26. exf6 Nxf6 27. Ne5 Ne4 28. Bxe4 dxe4 29. Rf7 Bxf7 30. Rxf7 Qe6 31. Bxh6 Qxe5 32. dxe5 1-0

[Event "Late-Titled-Tuesday-Blitz-March-05-2024"]
[Site "Chess.com"]
[Date "2024.03.05"]
[Round "1"]
[White "chegueps"]
[Black "Tugrik1969"]
[Result "1/2-1/2"]
[WhiteElo "2661"]
[BlackElo "2395"]
[TimeControl "180+1"]
[EndTime "14:07:09 PST"]
[Termination "Game drawn by repetition"]

1. Nf3 c5 2. e3 Nf6 3. d4 d5 4. Be2 e6 5. O-O Nc6 6. a3 a6 7. Nbd2 c4 8. b3 b5 9. Bb2 Bb7 10. a4 Bb4 11. c3 Be7 12. axb5 axb5 13. Qc2 Qc7 14. Rxa8+ Bxa8 15. Ra1 O-O 16. Ba3 Bb7 17. Bxe7 Qxe7 18. Qb2 Ra8 19. Rxa8+ Bxa8 20. b4 h6 21. h3 Nd7 22. Qa3 Bb7 23. Bd1 e5 24. dxe5 Ndxe5 25. Bc2 g6 26. Kf1 Kg7 27. Nxe5 Qxe5 28. Nf3 Qf6 29.
Bd1 Bc8 30. Qa8 Bf5 31. Nd4 Nxd4 32. exd4 Bd3+ 33. Kg1 Qf4 34. Bf3 Qc1+ 35. Kh2 Qf4+ 36. Kg1 Qc1+ 37. Kh2 Qf4+ 38. Kg1 1/2-1/2

[Event "Late-Titled-Tuesday-Blitz-March-05-2024"]
[Site "Chess.com"]
[Date "2024.03.05"]
[Round "1"]
[White "Abund"]
[Black "Eeleyah"]
[Result "1-0"]
[WhiteElo "2796"]
[BlackElo "2463"]
[TimeControl "180+1"]
[EndTime "14:07:10 PST"]
[Termination "Abund won on time"]

1. e4 c5 2. Nf3 Nc6 3. Bc4 e6 4.
O-O d5 5. Bb5 Bd6 6. Bxc6+ bxc6 7. Qe2 Ne7 8. e5 Bc7 9. d3 h6 10. Nc3 a5 11. Na4 Bb6 12. b3 Ba6 13. c4 O-O 14. Ba3 Nf5 15. Bxc5 Bxc5 16. Nxc5 Qb6 17. Nd7 Qc7 18. Nxf8 Rxf8 19. Rac1 d4 20. c5 Rd8 21. Rfd1 Rd5 22. Qd2 Kh7 23. h3 g5 24. Re1 Qd8 25.
Nh2 Qc7 26. Ng4 Kg7 27. Qe2 Rd8 28. Nf6 a4 29. bxa4 Qa5 30. Qc2 Nh4 31. Ne4 Rd5 32.
Nd6 Qd8 33. Qe2 Qa5 34. Qc2 Qd8 35. Qd2 f6 36. exf6+ Qxf6 37. Rb1 Rxc5 38. Ne4 Qf5 39. Nxc5 Qxc5 40. Rxe6 Qd5 41. Re4 c5 42. Rb6 Bb7 43. Qe2 Nf5 44. Qh5 c4 45. Qg6+ Kf8 46. Rf6+ 1-0

[Event "Late-Titled-Tuesday-Blitz-March-05-2024"]
[Site "Chess.com"]
[Date "2024.03.05"]
[Round "1"]
[White "ahmedkandiliii"]
[Black "akanga001"]
[Result "1-0"]
[WhiteElo "2542"]
[BlackElo "2027"]
[TimeControl "180+1"]
[EndTime "14:07:10 PST"]
[Termination "ahmedkandiliii won on time"]

1. c4 e6 2. g3 d5 3. Bg2 Nf6 4.
Nf3 dxc4 5. O-O c6 6. Qc2 b5 7. b3 cxb3 8. axb3 Bb7 9. Ne5 Bd6 10. Nxc6 Qc8 11. Nd4 Qxc2 12. Nxc2 Bxg2 13. Kxg2 Nc6 14. Nc3 Rb8 15. Bb2 O-O 16. Ne3 b4 17. Nb1 Ne4 18. d3 Nc5 19. Nd2 a5 20. Rfc1 Rfc8 21. Nec4 Be7 22.
Nxa5 Nxa5 23. Rxa5 Ra8 24. Rca1 Rab8 25. Ra7 Bf8 26.
Be5 Rb6 27. Ra8 Rbc6 28. d4 Nd7 29. Nc4 f6 30. Bf4 Kf7 31. R8a7 Ke8 32. Rb7 g5 33.
Raa7 Rd8 34. Bc7 Rc8 35. Bd6 Bxd6 36. Rxd7 Bf8 37. Rxh7 Rd8 38. e3 e5 39. dxe5 fxe5 40.
Nxe5 Rc2 41. Ng6 Rdd2 42. Ra8+ Rd8 43. Rxd8+ Kxd8 44. Nxf8 1-0

[Event "Late-Titled-Tuesday-Blitz-March-05-2024"]
[Site "Chess.com"]
[Date "2024.03.05"]
[Round "1"]
[White "miraitrunks"]
[Black "Pelusiansky"]
[Result "0-1"]
[WhiteElo "2170"]
[BlackElo "2567"]
[TimeControl "180+1"]
[EndTime "14:07:12 PST"]
[Termination "Pelusiansky won on time"]

1. e4 c6 2. d4 d5 3. exd5 cxd5 4.
Bd3 Nc6 5. c3 Nf6 6. Bf4 Bg4 7.
Qb3 Qd7 8. h3 Bh5 9. Nd2 e6 10.
Ngf3 Be7 11. O-O O-O 12. Rfe1 Rac8 13. Ne5 Nxe5 14. Bxe5 Bg6 15. Bxg6 hxg6 16. Re3 Bd6 17. Bxd6 Qxd6 18. Nf3 Ne4 19. Rae1 b6 20. Qa4 Rc7 21. Ne5 g5 22. Qd1 g6 23. Rxe4 dxe4 24.
Rxe4 Kg7 25. Qd3 f6 26. Nxg6 f5 27. Re5 Kxg6 28. Qe3 Rf6 29. g4 Qc6 30. h4 gxh4 31. Qh3 Rh7 32. gxf5+ exf5 0-1

[Event "Late-Titled-Tuesday-Blitz-March-05-2024"]
[Site "Chess.com"]
[Date "2024.03.05"]
[Round "1"]
[White "steepedgames"]
[Black "stregachess"]
[Result "1-0"]
[WhiteElo "2540"]
[BlackElo "2016"]
[TimeControl "180+1"]
[EndTime "14:07:12 PST"]
[Termination "steepedgames won on time"]

1. d4 Nf6 2. Bg5 e6 3. Nd2 Be7 4. e4 h6 5. Bh4 d6 6. Bd3 c5 7. c3 Nc6 8. Ne2 O-O 9. O-O a6 10. Kh1 b5 11. f4 Ng4 12. Bf2 cxd4 13. Nxd4 Nxd4 14. Bxd4 e5 15. Bg1 exf4 16. Rxf4 Ne5 17. Bf1 Bb7 18. a4 Bg5 19. Rf2 Bxd2 20. Rxd2 Bxe4 21.
Rxd6 Qg5 22. Qd4 Bb7 23. Be3 Qh5 24. Kg1 Rae8 25. Bf4 Qf5 26. Bxe5 Rxe5 27. axb5 axb5 28. Rd1 Qg5 29. Qd2 Qg4 30. Rd4 Re4 31. Rxe4 Qxe4 32.
Qe2 Qf5 33. Qxb5 Ba8 34. Qxf5 1-0

[Event "Late-Titled-Tuesday-Blitz-March-05-2024"]
[Site "Chess.com"]
[Date "2024.03.05"]
[Round "1"]
[White "LiemLe"]
[Black "adricalderon8"]
[Result "1-0"]
[WhiteElo "3061"]
[BlackElo "2524"]
[TimeControl "180+1"]
[EndTime "14:07:13 PST"]
[Termination "LiemLe won by resignation"]

1. d4 Nf6 2. c4 b6 3. Nc3 Bb7 4. d5 e6 5. e4 exd5 6. cxd5 Bb4 7. Bd3 O-O 8. Ne2 Re8 9. O-O Na6 10. Bg5 h6 11.
Bh4 Nc5 12. f4 d6 13. Ng3 Bc8 14. Bc2 Bg4 15. Qd4 a5 16. Kh1 Ncd7 17. h3 Bc5 18.
Qd2 Nxe4 19. Ncxe4 Qxh4 20. Kh2 Nf6 21. Nxf6+ Qxf6 22. Ne4 Qh4 23. f5 Bxh3 24. gxh3 Rxe4 25. Bxe4 Qxe4 26. Rae1 Qc4 27. b3 Qb5 28. f6 Bb4 29.
Qg2 g6 30. Re7 Bc3 31. Rxc7 Be5+ 32. Kh1 Qd3 33. Rfc1 Bxf6 34. Rf1 Qd4 35. Qf3 Kg7 36. Rc4 Qe5 37. Rf4 Bg5 38. Rxf7+ Kg8 39. Rf8+ Rxf8 40. Qxf8+ Kh7 41. Rf7+ 1-0

[Event "Late-Titled-Tuesday-Blitz-March-05-2024"]
[Site "Chess.com"]
[Date "2024.03.05"]
[Round "1"]
[White "elmusmolamas"]
[Black "sergiochess83"]
[Result "0-1"]
[WhiteElo "2496"]
[BlackElo "2863"]
[TimeControl "180+1"]
[EndTime "14:07:13 PST"]
[Termination "sergiochess83 won on time"]

1. e4 e6 2. d4 d5 3. exd5 exd5 4.
Nf3 Bd6 5. Bd3 Ne7 6. O-O O-O 7. c3 Bf5 8. Re1 Nbc6 9. Bg5 f6 10. Bh4 Qd7 11.
Bg3 Rae8 12. Qc2 Bxd3 13. Qxd3 Nf5 14. Nbd2 a6 15. Rxe8 Rxe8 16. Re1 Rxe1+ 17. Nxe1 Nce7 18. Bxd6 Nxd6 19. Qe2 g6 20. Nd3 Kf7 21. Nc5 Qf5 22. g4 Qc8 23. f3 a5 24. Qe3 b6 25. Nd3 g5 26. h4 h6 27. hxg5 hxg5 28. Kg2 Ng6 29.
b3 Qd7 30. Nf1 Qb5 31. Kf2 a4 32. Nd2 axb3 33. axb3 Qa5 34. Nb4 Nf4 35. Nc6 Qa2 36. Qe7+ Kg6 37. Ke3 Qa1 0-1

[Event "Late-Titled-Tuesday-Blitz-March-05-2024"]
[Site "Chess.com"]
[Date "2024.03.05"]
[Round "1"]
[White "pirulillo"]
[Black "Ajedrez_con_German"]
[Result "0-1"]
[WhiteElo "2242"]
[BlackElo "2587"]
[TimeControl "180+1"]
[EndTime "14:07:13 PST"]
[Termination "Ajedrez_con_German won on time"]

1. e4 e6 2. d3 c5 3. Nf3 Nc6 4. g3 g6 5. Bg2 Bg7 6. O-O Nge7 7.
c3 d6 8. d4 cxd4 9. cxd4 d5 10.
e5 O-O 11. Nc3 Nf5 12. h4 Bd7 13. Bg5 Qa5 14. Qd2 Qb4 15. Rad1 Na5 16. Nxd5 Qxd2 17. Bxd2 Nc4 18. Nf6+ Bxf6 19. exf6 Nxb2 20. Rb1 Nc4 21. Rxb7 Bc6 22. Rc7 Nxd2 23. Nxd2 Bxg2 24. Kxg2 Nxd4 25. Rfc1 Rfd8 26. Ne4 Nb5 27. Rb7 a6 28. a4 Nd6 29.
Nxd6 Rxd6 30. Rcc7 Rf8 31. g4 Rd4 32. g5 Rxh4 33. Rb6 Rg4+ 34. Kh3 Rxg5 35. Rxa6 Rf5 36. Rac6 Rxf6 37. Kg3 Rf5 38. f4 Ra8 39. Rc8+ Rxc8 40. Rxc8+ Kg7 41. Kg4 e5 0-1

[Event "Late-Titled-Tuesday-Blitz-March-05-2024"]
[Site "Chess.com"]
[Date "2024.03.05"]
[Round "1"]
[White "czasnaszachy"]
[Black "CarlosjPineror"]
[Result "0-1"]
[WhiteElo "2430"]
[BlackElo "2731"]
[TimeControl "180+1"]
[EndTime "14:07:14 PST"]
[Termination "CarlosjPineror won on time"]

1. e4 c5 2. Nf3 e6 3. c3 Nf6 4. e5 Nd5 5. d4 cxd4 6. cxd4 b6 7.
Bc4 Bb7 8. Bxd5 Bxd5 9. Nc3 Bb7 10. d5 h6 11. d6 g6 12. h4 Bg7 13. h5 g5 14. Nb5 Na6 15. Qe2 f6 16. exf6 Qxf6 17.
Bd2 Qxb2 18. O-O O-O 19. Nc3 Qa3 20. Ne5 Qxd6 21. Ng6 Rf7 22. Ne4 Qd4 23. Rae1 Bxe4 24. Qxe4 Qxe4 25. Rxe4 Nc5 26. Re3 d6 27. Bb4 Bd4 28.
Re2 e5 29. Rd1 Kg7 30. Kf1 a5 31. Bxc5 bxc5 32. Rb1 Raa7 33. f3 Rab7 34. Ree1 c4 35. Ke2 c3 36. Kd3 a4 0-1

[Event "Late-Titled-Tuesday-Blitz-March-05-2024"]
[Site "Chess.com"]
[Date "2024.03.05"]
[Round "1"]
[White "Zampronha1971"]
[Black "NoHeThTo"]
[Result "0-1"]
[WhiteElo "2351"]
[BlackElo "2642"]
[TimeControl "180+1"]
[EndTime "14:07:15 PST"]
[Termination "NoHeThTo won on time"]

1. e4 c5 2. Nf3 d6 3. d4 cxd4 4. Nxd4 Nf6 5. Nc3 a6 6. Bg5 e6 7. f4 Nbd7 8. Qf3 Qc7 9. O-O-O b5 10. e5 dxe5 11. Ndxb5 axb5 12. Qxa8 Bc5 13. Nxb5 Be3+ 14. Kb1 Qc5 15. Qxc8+ Qxc8 16. Nd6+ Ke7 17. Nxc8+ Rxc8 18. fxe5 Bxg5 19. exf6+ Bxf6 20. Bd3 Rb8 21. b3 h5 22. Rhf1 Nb6 23. Bb5 Nd5 24. Rxd5 exd5 25. Be2 h4 26. a4 Kd6 27. a5 Kc5 28. a6 Re8 29. Bd3 Bc3 30. Ka2 f6 31. Rf4 d4 32.
Rf1 Kb6 33. h3 Re5 34. Kb1 Ra5 0-1

[Event "Late-Titled-Tuesday-Blitz-March-05-2024"]
[Site "Chess.com"]
[Date "2024.03.05"]
[Round "1"]
[White "Smiechu"]
[Black "Jimonios"]
[Result "1-0"]
[WhiteElo "2356"]
[BlackElo "2624"]
[TimeControl "180+1"]
[EndTime "14:07:15 PST"]
[Termination "Smiechu won on time"]

1. e4 c5 2. Nf3 a6 3. Nc3 Nc6 4.
d4 cxd4 5. Nxd4 e5 6. Nf5 d5 7. Nxd5 Bxf5 8. exf5 Nf6 9. Nxf6+ Qxf6 10. Bd3 O-O-O 11. Qg4 Rd4 12. Qg3 e4 13. Be2 h5 14.
Be3 Rb4 15. O-O Bd6 16. Qg5 Rxb2 17. Qxf6 gxf6 18. Bc4 Nd8 19. Bb3 Be5 20. Rad1 a5 21. a4 Nc6 22. Bc5 Nb4 23. Bxb4 axb4 24. Rd5 Rd8 25.
Rxd8+ Kxd8 26. Rd1+ Kc7 27. Kf1 h4 28. h3 Bc3 29.
Ke2 Kc6 30. Ke3 Kc5 31. Kxe4 Be5 32. Kf3 b5 33. axb5 Kxb5 34. Kg4 Kc5 35. Kxh4 Bd4 36.
Kg3 Be5+ 37. f4 Bd4 38. h4 Be3 39. h5 1-0

[Event "Late-Titled-Tuesday-Blitz-March-05-2024"]
[Site "Chess.com"]
[Date "2024.03.05"]
[Round "1"]
[White "chrisclaireredfield"]
[Black "martinez_95"]
[Result "0-1"]
[WhiteElo "2563"]
[BlackElo "2231"]
[TimeControl "180+1"]
[EndTime "14:07:15 PST"]
[Termination "martinez_95 won by resignation"]

1. Nf3 c5 2. c4 Nc6 3. Nc3 e5 4. g3 g6 5. Bg2 Bg7 6. O-O Nge7 7. Ne1 a6 8. Nc2 Rb8 9. a4 d6 10. Ne3 O-O 11. d3 f5 12. Ned5 Be6 13. Bd2 h6 14. Rb1 a5 15. Nb5 Nb4 16. Nbc7 Bf7 17. Bc3 Nbxd5 18.
Nxd5 Nxd5 19. cxd5 b6 20. e3 g5 21. f4 exf4 22. gxf4 g4 23. e4 Bxc3 24. bxc3 Qf6 25. Qd2 h5 26. Rb2 h4 27. Rfb1 c4 28. Rxb6 Rxb6 29.
Rxb6 cxd3 30. Qxd3 fxe4 31. Qxe4 Qxc3 32. Rb7 Qc1+ 33.
Kf2 Qd2+ 34. Kf1 Re8 35. Re7 Rc8 36. Qe2 Rc1+ 37. Kf2 Qxf4+ 38. Bf3 Qxf3+ 39. Qxf3 gxf3 40. Kxf3 Bxd5+ 41. Kg4 Rc4+ 42. Kg5 Bf7 43. Rd7 Kg7 44. Rxd6 Rxa4 45. Ra6 Ra1 46. Kxh4 a4 47. Kg5 a3 0-1

[Event "Late-Titled-Tuesday-Blitz-March-05-2024"]
[Site "Chess.com"]
[Date "2024.03.05"]
[Round "1"]
[White "Sjakkerntobi"]
[Black "alexrustemov"]
[Result "0-1"]
[WhiteElo "2471"]
[BlackElo "2805"]
[TimeControl "180+1"]
[EndTime "14:07:16 PST"]
[Termination "alexrustemov won by resignation"]

1. e4 e6 2. d4 d5 3. Nc3 dxe4 4. Nxe4 Bd7 5. Nf3 Bc6 6. Bd3 Nd7 7. Qe2 Ngf6 8.
Nxf6+ Nxf6 9. Bg5 Be7 10. O-O-O Bxf3 11. Qxf3 Qd5 12. Qxd5 Nxd5 13. h4 Rd8 14. c3 c6 15. Kc2 h6 16. Bd2 h5 17. g3 g6 18.
Bg5 Kd7 19. Bxe7 Kxe7 20. a3 Rd6 21. Rhe1 Nf6 22. f3 Kd7 23. Re5 Kc7 24. Rh1 Rhd8 25. Be2 b6 26. b4 Nd5 27. Bc4 Ne7 28. g4 Rh8 29. gxh5 gxh5 30. Bd3 Nd5 31. Rg1 Rd7 32. Rg7 f6 33. Rxd7+ Kxd7 34. Re1 Rg8 35. c4 Nf4 36. Be4 f5 37. Bd3 Rg3 38. d5 cxd5 39. cxd5 Nxd5 40.
Bc4 Kd6 41. Bxd5 Kxd5 42. Rd1+ Ke5 43. Rd7 Rxf3 44. Rxa7 Kf4 45. a4 e5 46. Rb7 Ra3 47.
Ra7 e4 48. Kb2 Rd3 49. Rb7 Rd6 50. a5 bxa5 51. bxa5 e3 52. Re7 Kf3 53. Kc3 f4 54. Kc4 Ke2 55. Kc5 Rd1 56. Re4 f3 57. Rd4 Rxd4 58. Kxd4 f2 59. a6 f1=Q 60. a7 0-1

[Event "Late-Titled-Tuesday-Blitz-March-05-2024"]
[Site "Chess.com"]
[Date "2024.03.05"]
[Round "1"]
[White "Goryachkina"]
[Black "ljuks68"]
[Result "1-0"]
[WhiteElo "2706"]
[BlackElo "2414"]
[TimeControl "180+1"]
[EndTime "14:07:16 PST"]
[Termination "Goryachkina won by resignation"]

1. e4 e6 2. d4 d5 3. Nc3 Bb4 4. Ne2 Nc6 5. a3 Ba5 6. b4 Bb6 7. Be3 Nge7 8. b5 Na5 9. Ng3 e5 10. Be2 dxe4 11. dxe5 Qxd1+ 12. Rxd1 Bxe3 13. fxe3 Ng6 14. Nd5 O-O 15. Nxc7 Rb8 16. O-O Nxe5 17. Nxe4 Nac4 18.
Bxc4 Nxc4 19. Rd3 Bg4 20. Nd6 Nxd6 21. Rxd6 Rbc8 22. b6 axb6 23. Nd5 Rxc2 24. Rxb6 Rd8 25. e4 Be6 26. Rxb7 h6 27. h3 Rc4 28. Nf4 Rxe4 29. Nxe6 Rxe6 30. Rfxf7 Rg6 31. Rf2 Rd3 32. a4 Rxh3 33. Ra2 Rhg3 34. a5 Ra6 35. Rb6 Rg6 36. Rxg6 Rxg6 37. a6 1-0